 Dungeon Crawl Stone Soup version 0.29.1-12-g30fa7ad0bf (webtiles) character file.

Game seed: 2622797450434781134

382 wormed the Slasher (level 6, -4/47 HPs)
             Began as a Gnoll Wanderer on Dec 27, 2022.
             Slain by an orc warrior
             ... wielding a +0 mace
              (12 damage)
             ... on level 3 of the Dungeon.
             The game lasted 00:06:35 (4504 turns).

wormed the Slasher (Gnoll Wanderer)                 Turns: 4504, Time: 00:06:36

Health: -4/47      AC:  8    Str: 10    XL:     6   Next: 76%
Magic:  11/11      EV: 14    Int: 16    God:
Gold:   81         SH:  0    Dex: 10    Spells: 9/12 levels left

rFire   . . .      SeeInvis .   a - +2 falchion
rCold   . . .      Faith    .   (no shield)
rNeg    . . .      Spirit   .   b - +0 ring mail
rPois   .          Reflect  .   (no helmet)
rElec   .          Harm     .   (no cloak)
rCorr   .          Rampage  .   p - +0 pair of gloves
Will    .....                   m - +0 pair of boots
Stlth   +.........              (no amulet)
HPRegen 0.15/turn               w - +4 ring of evasion
MPRegen 0.12/turn               (no ring)

@: no status effects
A: fangs 1, strong nose, distributed training
a: no special abilities


You were on level 3 of the Dungeon.
You visited 1 branch of the dungeon, and saw 4 of its levels.

You collected 81 gold pieces.

Inventory:

Hand Weapons
 a - a +2 falchion (weapon)
Missiles
 i - 3 poisoned darts
Armour
 b - a +0 ring mail (worn)
 m - a +0 pair of boots (worn)
 p - a +0 pair of gloves (worn)
Jewellery
 w - a +4 ring of evasion (left hand)
Wands
 k - a wand of flame (6)
 z - a wand of mindburst (9) (quivered)
Scrolls
 e - a scroll of silence {unknown}
 g - 3 scrolls of teleportation {unknown}
 h - a scroll of blinking {unknown}
 j - 5 scrolls of identify {unknown}
 n - a scroll of poison {unknown}
 o - a scroll of butterflies {unknown}
 q - a scroll of enchant weapon {unknown}
 s - a scroll of magic mapping {unknown}
 v - a scroll of vulnerability {unknown}
 y - a scroll of noise {unknown}
Potions
 c - 3 potions of degeneration {unknown}
 d - a potion of lignification {unknown}
 f - a potion of resistance {unknown}
 l - 2 potions of attraction {unknown}
 r - a potion of might {unknown}
 t - 2 potions of ambrosia {unknown}
 u - a potion of heal wounds {unknown}
 x - a potion of haste {unknown}


   Skills:
 + Level 3.4 Fighting
 + Level 2.2 Short Blades
 + Level 6.9 Long Blades
 + Level 2.2 Axes
 + Level 2.2 Maces & Flails
 + Level 2.2 Polearms
 + Level 2.2 Staves
 + Level 2.2 Ranged Weapons
 + Level 2.2 Throwing
 + Level 5.1 Armour
 + Level 2.2 Dodging
 + Level 2.2 Stealth
 + Level 2.2 Shields
 + Level 2.2 Unarmed Combat
 + Level 3.6 Spellcasting
 + Level 1.7 Conjurations
 + Level 5.7 Hexes
 + Level 1.7 Summonings
 + Level 1.7 Necromancy
 + Level 1.7 Translocations
 + Level 1.7 Transmutations
 + Level 1.7 Fire Magic
 + Level 1.7 Ice Magic
 + Level 1.7 Air Magic
 + Level 1.7 Earth Magic
 + Level 1.7 Poison Magic
 + Level 2.4 Invocations
 + Level 2.2 Evocations


You had 9 spell levels left.
You knew the following spells:

 Your Spells              Type           Power      Damage    Failure   Level
a - Slow                  Hex            84%        N/A       4%          1
b - Blink                 Tloc           16%        N/A       30%         2

Your spell library contained the following spells:

 Spells                   Type           Power      Damage    Failure   Level
 Tukima's Dance           Hex            21%        N/A       12%         3
 Ignite Poison            Fire/Tmut/Pois 8%         N/A       52%         3
 Lesser Beckoning         Tloc           8%         N/A       52%         3
 Mephitic Cloud           Conj/Pois/Air  8%         N/A       52%         3
 Freezing Cloud           Conj/Ice/Air   4%         6-21      99%         5
 Manifold Assault         Tloc           8%         N/A       99%         5


Dungeon Overview and Level Annotations

Branches:
Dungeon (4/15)
 Temple: D:4-7

Altars:
Xom

Annotations:
D:4 Pikel


Innate Abilities, Weirdness & Mutations

You have very sharp teeth.
Your uncanny sense of smell can sniff out nearby items.
Your experience applies equally to all skills.


Message History

The orc warrior closely misses you. The orc misses you.
There is a stone staircase leading up here.
Aiming: Mindburst
Press: ? - help, Q - select action, (/) - cycle Shift-Dir - straight line, f - orc warrior
Aim: an orc warrior, wielding a +0 mace and wearing a +0 chain mail (chance to affect: 73%)
The orc warrior struggles to resist.
The orc warrior misses you. The orc barely misses you.
Aiming: Mindburst
Press: ? - help, Q - select action, (/) - cycle Shift-Dir - straight line, f/p - orc warrior
Aim: an orc warrior, wielding a +0 mace and wearing a +0 chain mail (chance to affect: 73%)
The orc warrior's mind is blasted!
The orc warrior misses you. The orc hits you but does no damage.
The orc priest invokes the aid of Beogh against you.
Beogh smites you!
Aiming: Mindburst
Press: ? - help, Q - select action, (/) - cycle Shift-Dir - straight line, f/p - orc warrior
Aim: an orc warrior, wielding a +0 mace and wearing a +0 chain mail (heavily wounded, chance to affect: 73%)
The orc warrior struggles to resist.
The orc closely misses you.
The orc priest calls down the wrath of Beogh upon you.
Beogh smites you! The orc warrior misses you.
Aiming: Mindburst
Press: ? - help, Q - select action, (/) - cycle Shift-Dir - straight line, f/p - orc warrior
Aim: an orc warrior, wielding a +0 mace and wearing a +0 chain mail (heavily wounded, chance to affect: 73%)
The orc warrior struggles to resist.
The orc priest casts a cantrip, but nothing happens.
The orc warrior hits you with a +0 mace!
* * * LOW HITPOINT WARNING * * *
The orc hits you but does no damage. The orc warrior closely misses you.
The orc closely misses you.
You climb upwards.
There is a stone staircase leading down here.
Aiming: Mindburst
Press: ? - help, Q - select action, (/) - cycle Shift-Dir - straight line, f - orc warrior
Aim: an orc warrior, wielding a +0 mace and wearing a +0 chain mail (heavily wounded, chance to affect: 73%)
The orc warrior's mind is blasted!
The orc hits you with a +0 dagger.
* * * LOW HITPOINT WARNING * * *
The orc warrior hits you with a +0 mace!
You die...

....# ....# ....#
....# ....# ....#
.####
.#################
.......<.......(@#
.#.....#######.oo#
.......# ####.#.#
.#.....####....#.#
.#..........####.#
.#####.###..####.#
.# #.# #.......#
.### #.# #..######
...###.###..######


You could see an orc warrior and an orc.

Vanquished Creatures
  Grinder (D:3)
  An ogre (D:3)
  A lemure (D:3)
  An iguana (D:3)
  3 adders
  2 orcs (D:3)
  5 bats
  4 endoplasms
  2 giant cockroaches
  8 goblins
  13 hobgoblins
  10 jackals
  2 quokkas
  5 ball pythons
  3 frilled lizards
  6 kobolds
  5 rats
72 creatures vanquished.

Vanquished Creatures (others)
  A quokka (D:3)
1 creature vanquished.

Grand Total: 73 creatures vanquished

Notes
Turn   | Place    | Note
-------+----------+-------------------------------------------
     0 | D:1      | wormed the Gnoll Wanderer began the quest for the Orb.
     0 | D:1      | wormed set off with the following items: a +2 falchion, a
                  | +0 ring mail, a potion of curing; and the following spell
                  | memorised: Slow; and the following spells available to
                  | memorise: Tukima's Dance.
     0 | D:1      | Reached XP level 1. HP: 17/17 MP: 4/4
   204 | D:1      | Reached XP level 2. HP: 23/23 MP: 5/5
   988 | D:2      | Reached XP level 3. HP: 28/28 MP: 7/7
  1295 | D:2      | Reached skill level 1 in Invocations
  1317 | D:2      | Learned a level 2 spell: Blink
  1361 | D:2      | Reached skill level 1 in Short Blades
  1361 | D:2      | Reached skill level 1 in Axes
  1361 | D:2      | Reached skill level 1 in Maces & Flails
  1361 | D:2      | Reached skill level 1 in Polearms
  1361 | D:2      | Reached skill level 1 in Staves
  1361 | D:2      | Reached skill level 1 in Ranged Weapons
  1361 | D:2      | Reached skill level 1 in Throwing
  1361 | D:2      | Reached skill level 1 in Dodging
  1361 | D:2      | Reached skill level 1 in Stealth
  1361 | D:2      | Reached skill level 1 in Shields
  1361 | D:2      | Reached skill level 1 in Unarmed Combat
  1361 | D:2      | Reached skill level 1 in Evocations
  1954 | D:2      | Reached XP level 4. HP: 34/34 MP: 8/8
  2376 | D:3      | Noticed Grinder
  2452 | D:3      | Paralysed by Grinder for 3 turns
  2485 | D:3      | Killed Grinder
  2486 | D:3      | Reached skill level 1 in Conjurations
  2486 | D:3      | Reached skill level 1 in Summonings
  2486 | D:3      | Reached skill level 1 in Necromancy
  2486 | D:3      | Reached skill level 1 in Translocations
  2486 | D:3      | Reached skill level 1 in Transmutations
  2486 | D:3      | Reached skill level 1 in Fire Magic
  2486 | D:3      | Reached skill level 1 in Ice Magic
  2486 | D:3      | Reached skill level 1 in Air Magic
  2486 | D:3      | Reached skill level 1 in Earth Magic
  2486 | D:3      | Reached skill level 1 in Poison Magic
  2486 | D:3      | Reached XP level 5. HP: 15/41 MP: 8/10
  2486 | D:3      | Reached XP level 6. HP: 17/47 MP: 8/11
  3062 | D:3      | Found a shimmering altar of Xom.
  3072 | D:3      | Reached skill level 5 in Armour
  4082 | D:4      | Noticed Pikel
  4179 | D:4      | Noticed an orc warrior
  4504 | D:3      | Slain by an orc warrior

Illustrated notes

Levels and vault maps discovered:
D:1:      minmay_arrival_up_and_down, layout_loops_ring
D:2:      layout_basic
D:3:      layout_basic, xom_confusion_cloud, uniq_grinder
D:4:      layout_rooms, old_standard_altar, mainiacjoe_overflow_tiny_flanked,
          mainiacjoe_overflow_cross_hatched, sigmund_army, uniq_blork_the_orc,
          uniq_pikel

Skill      XL: |  1  2  3  4  5  6 |
---------------+-------------------+-----
Invocations    | 1 2 |  2.4
Short Blades   | 1 2 |  2.2
Axes           | 1 2 |  2.2
Maces & Flails | 1 2 |  2.2
Polearms       | 1 2 |  2.2
Staves         | 1 2 |  2.2
Ranged Weapons | 1 2 |  2.2
Throwing       | 1 2 |  2.2
Dodging        | 1 2 |  2.2
Stealth        | 1 2 |  2.2
Shields        | 1 2 |  2.2
Unarmed Combat | 1 2 |  2.2
Evocations     | 1 2 |  2.2
Spellcasting   | 3 |  3.6
Fighting       | 3 |  3.4
Conjurations   | 1 |  1.7
Summonings     | 1 |  1.7
Necromancy     | 1 |  1.7
Translocations | 1 |  1.7
Transmutations | 1 |  1.7
Fire Magic     | 1 |  1.7
Ice Magic      | 1 |  1.7
Air Magic      | 1 |  1.7
Earth Magic    | 1 |  1.7
Poison Magic   | 1 |  1.7
Armour         | 5 |  5.1
Long Blades    | |  6.9
Hexes          | |  5.7

Action                   |  1- 3 |  4- 6 || total
-------------------------+-------+-------++-------
Melee: Falchion          |   126 |   131 ||   257
       Bite              |    10 |    18 ||    28
       Punch             |     3 |     1 ||     4
 Cast: Slow              |       |    10 ||    10
Evoke: Wand              |       |     5 ||     5
  Use: Potion            |     1 |     1 ||     2
 Stab: Sleeping          |       |     1 ||     1
Armor: Ring mail         |    53 |    50 ||   103
Dodge: Dodged            |    72 |    92 ||   164
